Map: Solaris LE

Players

ShadowMamba

  • Race: Terran Terran
  • League: Diamond
  • Spawn Location: 7:00

lllllllll - Winner!

  • Race: Zerg Zerg
  • League: Diamond
  • Spawn Location: 1:00

VOD

Have the link to the VOD?

Description

Time

  • Played on: Feb. 22, 2024, 2:50 a.m.
  • Length: 20:05
Show
View Real Time Build Order
Export as new Build Order

ShadowMamba Terran 

Build Orders: Cyclone Opening, Reaper Expand, Mech 

Get SALT Encoding   

  12  0:01  SCV  
  13  0:13  SCV  
  14  0:17  Supply Depot  
  14  0:26  SCV  
  15  0:39  Barracks, SCV  
  16  0:45  Refinery  
  16  0:51  SCV  
  17  1:03  SCV  
  18  1:15  SCV  
  19  1:27  Orbital Command  
  19  1:28  Reaper  
  20  1:49  Command Center  
  20  1:53  Supply Depot, SCV  
  21  2:09  Factory, Refinery  
  21  2:10  SCV  
  21  2:14  Marine  
  23  2:22  SCV  
  24  2:34  SCV  
  25  2:42  Barracks Reactor  
  25  2:46  SCV  
  25  2:50  Command Center  
  26  2:57  Cyclone  
  28  3:05  Supply Depot  
  28  3:11  Orbital Command  
  28  3:18  SCV  
  29  3:30  SCV  
  30  3:37  Hellion x2  
  34  3:42  Supply Depot, SCV  
  34  3:45  SCV  
  36  3:51  Factory  
  36  3:52  Factory  
  36  4:02  Orbital Command  
  36  4:08  Hellion x2  
  40  4:10  SCV  
  40  4:12  SCV  
  42  4:19  Factory  
  42  4:26  Supply Depot  
  42  4:29  SCV  
  42  4:30  SCV  
  44  4:34  SCV  
  44  4:37  Hellion  
  47  4:38  Factory Reactor  
  47  4:39  Factory Tech Lab  
  47  4:42  Hellion  
  47  4:44  SCV x2  
  51  4:48  Supply Depot, SCV  
  51  4:51  Refinery  
  52  4:54  Refinery  
  52  5:03  Infernal Pre-Igniter  
  52  5:05  Factory Reactor  
  52  5:06  SCV  
  52  5:07  SCV x2  
  55  5:08  Armory  
  55  5:12  Engineering Bay  
  55  5:17  Cyclone  
  55  5:19  SCV x3  
  55  5:20  Cyclone  
  62  5:25  Orbital Command  
  62  5:31  SCV x2  
  62  5:34  Supply Depot  
  64  5:36  Cyclone  
  64  5:37  Cyclone  
  68  5:43  SCV x2  
  68  5:44  Siege Tank  
  73  5:53  Cyclone x2  
  77  5:58  SCV x3  
  80  6:07  Terran Vehicle Weapons Level 1  
  80  6:11  Supply Depot  
  83  6:18  Siege Tank, Cyclone  
  83  6:21  SCV x3  
  83  6:22  Hurricane Engines  
  88  6:33  SCV x3  
  88  6:34  Cyclone x3, Refinery x2  
  88  6:38  Supply Depot  
  97  6:49  Cyclone  
  97  6:50  Siege Tank  
  102  7:00  Cyclone x2  
  90  7:06  Cyclone  
  90  7:07  Hellion x2  
  90  7:11  SCV x3  
  90  7:21  Cyclone  
  92  7:22  Factory  
  92  7:24  Siege Tank  
  92  7:29  SCV x2  
  97  7:30  Factory  
  97  7:34  SCV  
  98  7:44  SCV x2  
  98  7:47  Armory  
  98  7:48  Command Center  
  98  7:50  SCV  
  101  7:52  Cyclone x3  
  101  7:53  Hellion  
  101  7:56  SCV  
  101  7:57  Siege Tank  
  113  7:58  Supply Depot  
  113  8:00  Supply Depot  
  113  8:03  Supply Depot  
  113  8:07  Hellion, Cyclone, Factory Tech Lab  
  117  8:18  Cyclone  
  117  8:29  Siege Tank  
  105  8:42  Siege Tank  
  105  8:43  Cyclone x3  
  105  8:46  Factory Tech Lab  
  111  8:57  Cyclone x3  
  111  9:01  Siege Tank  
  120  9:07  SCV x3  
  123  9:13  Orbital Command  
  123  9:15  Siege Tank  
  126  9:19  SCV x3  
  113  9:32  Cyclone x2  
  113  9:33  Hellion x3, Cyclone x3  
  116  9:47  Cyclone  
  116  9:51  SCV  
  120  9:52  SCV  
  120  9:53  SCV x2  
  120  9:54  Hellion, Cyclone  
  120  9:55  Hellion  
  118  10:04  Cyclone, SCV  
  118  10:05  Hellion, Cyclone x2, Siege Tank  
  125  10:11  Terran Vehicle Weapons Level 2, Terran Vehicle And Ship Armor Level 1  
  125  10:12  SCV x3  
  128  10:14  Refinery  
  128  10:15  Refinery  
  128  10:16  Siege Tank, Supply Depot  
  128  10:18  Supply Depot  
  128  10:19  Siege Tank  
  134  10:26  Factory  
  134  10:27  Factory  
  134  10:28  Hellion x3  
  140  10:37  Siege Tank, Hellion  
  140  10:39  Supply Depot  
  140  10:41  SCV x3  
  148  10:45  SCV  
  148  10:46  Cyclone  
  148  10:48  Siege Tank  
  154  10:51  Siege Tank  
  154  10:53  SCV x2  
  159  11:01  Command Center  
  159  11:02  Supply Depot  
  159  11:03  Hi-Sec Auto Tracking, Supply Depot  
  159  11:05  Supply Depot  
  159  11:09  Siege Tank  
  162  11:12  Cyclone x2  
  162  11:13  Factory Tech Lab x2  
  166  11:20  Siege Tank  
  166  11:23  Siege Tank  
  172  11:28  Cyclone  
  172  11:29  Hellion  
  176  11:34  Cyclone, Hellion x2  
  182  11:41  Siege Tank  
  181  11:50  Cyclone  
  181  11:51  Cyclone, Hellion x2  
  181  11:52  Siege Tank  
  180  11:55  Siege Tank, Cyclone  
  180  12:00  Hellion  
  180  12:01  Cyclone  
  189  12:06  Thor, Starport  
  195  12:12  Thor, Starport  
  187  12:19  Terran Vehicle And Ship Armor Level 2  
  187  12:21  Planetary Fortress  
  187  12:32  Cyclone, Hellion x4  
  187  12:33  Hellion  
  195  12:57  Hellion, Cyclone  
  159  13:22  Hellion, Cyclone x2  
  159  13:23  Hellion x3, Cyclone x2  
  156  13:35  Hellion x2, Cyclone  
  156  13:43  Cyclone, Terran Vehicle Weapons Level 3  
  156  13:44  Hellion x2, Starport Reactor x2, Cyclone  
  164  13:49  Fusion Core  
  164  13:54  Thor, Cyclone  
  164  13:55  Siege Tank  
  161  13:56  Siege Tank  
  161  13:58  Hellion, Cyclone  
  168  14:05  Thor, Hellion  
  168  14:07  Cyclone  
  178  14:10  Command Center  
  178  14:26  SCV x3  
  181  14:34  Liberator x4  
  193  14:38  Command Center  
  193  14:39  Hellion x3  
  198  15:11  Hellion, Cyclone  
  81  16:46  Planetary Fortress  
  75  16:48  SCV x2  
  75  16:49  Barracks  
  70  17:12  Orbital Command  
  70  17:38  Engineering Bay  
  67  17:54  Factory x3  
  67  18:00  Factory  
  67  18:01  Factory  
  66  18:13  SCV x3  
  64  18:44  Factory Reactor x4  
  64  18:46  Factory Reactor  
  64  18:48  Starport  
  64  18:51  SCV x3  
  64  18:52  Starport  
  67  19:03  SCV x2  
  67  19:09  Factory Reactor  
  69  19:10  Supply Depot  
  69  19:13  Supply Depot  
  69  19:20  Supply Depot  
  69  19:32  Cyclone x2, SCV x3  
  69  19:34  Supply Depot x2  
  69  19:35  Supply Depot x2  
  69  19:37  Starport Tech Lab  
  69  19:38  Starport Reactor  
  73  19:44  SCV x2  
Show
View Real Time Build Order
Export as new Build Order

lllllllll Zerg - Winner!

Build Orders: Hatch First, Lurkers 

Get SALT Encoding   

  12  0:00  Drone  
  13  0:12  Overlord  
  13  0:16  Drone  
  14  0:30  Drone x2  
  16  0:49  Hatchery  
  15  0:50  Drone  
  15  0:54  Drone  
  17  0:57  Drone  
  18  1:08  Extractor  
  17  1:12  Spawning Pool  
  17  1:15  Drone  
  17  1:19  Drone  
  18  1:28  Drone  
  19  1:38  Drone  
  20  1:49  Drone  
  21  2:00  Queen  
  21  2:01  Queen  
  23  2:02  Zergling x2  
  23  2:03  Zergling x2  
  27  2:12  Overlord  
  27  2:17  Hatchery  
  27  2:20  Drone  
  27  2:26  Drone  
  28  2:31  Drone  
  28  2:35  Drone x2  
  31  2:39  Queen  
  31  2:44  Overlord  
  33  2:47  Metabolic Boost  
  33  2:51  Drone  
  33  2:56  Drone x2  
  36  3:05  Drone  
  37  3:06  Drone  
  37  3:10  Drone x2, Overlord  
  40  3:17  Drone x2  
  40  3:18  Queen  
  44  3:29  Drone  
  44  3:30  Queen  
  44  3:32  Drone x2  
  49  3:38  Overlord  
  49  3:41  Drone x2  
  49  3:42  Drone x3  
  54  3:54  Drone  
  54  3:55  Drone, Queen  
  58  3:58  Drone x3  
  61  4:03  Overlord  
  61  4:04  Overlord  
  61  4:05  Drone  
  61  4:09  Queen  
  64  4:11  Overlord  
  64  4:14  Drone x2  
  66  4:20  Overlord  
  66  4:24  Zergling x2  
  66  4:25  Evolution Chamber  
  66  4:26  Zergling x4, Evolution Chamber  
  66  4:29  Lair  
  67  4:32  Drone x2  
  67  4:34  Drone x2  
  67  4:35  Extractor  
  67  4:36  Extractor, Drone  
  70  4:42  Zergling x8  
  74  4:52  Zerg Missile Weapons Level 1, Drone  
  75  4:53  Drone x3  
  75  4:58  Drone x2  
  75  4:59  Drone  
  81  5:03  Drone  
  81  5:04  Drone x3  
  81  5:05  Overlord  
  81  5:06  Extractor  
  81  5:07  Extractor  
  83  5:22  Hatchery  
  82  5:29  Hydralisk Den  
  82  5:30  Drone x5  
  82  5:32  Infestation Pit  
  82  5:33  Extractor  
  84  5:36  Drone  
  84  5:37  Drone x2  
  84  5:39  Overlord  
  84  5:40  Overlord  
  87  5:49  Overlord x2  
  87  5:56  Drone, Hatchery  
  87  6:03  Hydralisk  
  89  6:05  Grooved Spines  
  89  6:06  Drone x2  
  89  6:07  Overlord  
  89  6:08  Hydralisk  
  89  6:09  Hydralisk x4, Hive  
  101  6:20  Hydralisk  
  101  6:21  Hydralisk  
  101  6:22  Zergling x6  
  108  6:29  Hydralisk  
  108  6:30  Zergling x2  
  111  6:40  Drone  
  111  6:41  Drone, Lurker Den  
  111  6:42  Drone  
  111  6:43  Drone x8  
  121  6:52  Hydralisk  
  121  6:53  Zergling x4  
  111  6:54  Hydralisk  
  111  6:55  Zergling x4  
  107  7:02  Zergling x2  
  107  7:03  Zergling x4  
  107  7:07  Zergling x8  
  107  7:08  Zergling x4  
  110  7:13  Zerg Missile Weapons Level 2  
  110  7:17  Drone x2  
  110  7:18  Drone x4, Queen  
  110  7:21  Extractor x2  
  116  7:22  Muscular Augments  
  116  7:25  Hydralisk  
  118  7:31  Viper  
  118  7:32  Viper x2  
  118  7:34  Viper  
  118  7:35  Drone  
  131  7:44  Spine Crawler  
  131  7:50  Pneumatized Carapace, Overlord x2  
  131  7:51  Drone x2  
  131  7:52  Drone x4  
  131  7:56  Hatchery  
  135  7:59  Lurker x3  
  135  8:00  Lurker  
  135  8:09  Evolution Chamber x2  
  135  8:11  Evolution Chamber  
  127  8:16  Hydralisk x4  
  127  8:17  Zergling x2  
  133  8:20  Queen  
  133  8:21  Hydralisk x3, Spine Crawler  
  133  8:22  Zergling x2  
  133  8:23  Zergling x12  
  133  8:24  Zergling x2  
  131  8:35  Hydralisk x2  
  135  8:41  Hydralisk x2  
  135  8:42  Overlord  
  135  8:43  Drone x3  
  135  8:48  Viper x2  
  142  8:54  Drone  
  142  8:55  Drone  
  145  8:56  Spine Crawler  
  145  8:58  Viper, Spine Crawler  
  138  9:04  Lurker  
  138  9:06  Viper  
  138  9:08  Drone x5  
  138  9:09  Drone, Overlord  
  148  9:16  Adaptive Talons  
  146  9:28  Hydralisk  
  146  9:29  Zergling x2  
  140  9:35  Queen  
  138  9:39  Zerg Missile Weapons Level 3, Spore Crawler, Spine Crawler  
  138  9:40  Zerg Ground Armor Level 1, Spine Crawler  
  138  9:44  Evolution Chamber  
  138  9:45  Extractor  
  133  9:46  Extractor  
  133  9:48  Drone  
  133  9:49  Drone x18  
  146  9:58  Hydralisk  
  146  9:59  Hydralisk x3  
  137  10:00  Zergling x2  
  137  10:01  Zergling x2  
  137  10:04  Lurker x2  
  141  10:09  Extractor  
  140  10:16  Seismic Spines  
  140  10:21  Spore Crawler  
  139  10:23  Spine Crawler  
  139  10:24  Spine Crawler  
  137  10:30  Lurker x2  
  137  10:31  Lurker x4  
  143  10:36  Queen  
  143  10:38  Drone  
  143  10:39  Drone x2  
  148  10:46  Drone  
  149  11:02  Hydralisk x4  
  149  11:03  Hydralisk x2, Overlord  
  149  11:04  Viper x2, Hydralisk  
  159  11:05  Viper  
  159  11:10  Drone x2  
  159  11:11  Spine Crawler  
  172  11:14  Spine Crawler x2  
  169  11:31  Overlord  
  169  11:32  Overlord x2  
  166  11:33  Drone  
  166  11:34  Drone  
  161  11:43  Hydralisk x5  
  171  12:00  Overlord x2  
  171  12:01  Drone x5  
  163  12:02  Drone x2  
  163  12:03  Drone  
  163  12:05  Drone x13  
  163  12:06  Drone  
  172  12:14  Viper x4  
  176  12:19  Drone, Spine Crawler  
  176  12:22  Spine Crawler  
  175  12:23  Extractor  
  175  12:24  Viper, Hydralisk, Drone  
  175  12:26  Zerg Ground Armor Level 2  
  182  12:42  Spine Crawler x2  
  162  13:08  Hydralisk x2  
  162  13:09  Hydralisk x4  
  162  13:10  Hydralisk x2  
  167  13:17  Hatchery  
  160  13:24  Hydralisk  
  143  13:30  Hydralisk  
  143  13:31  Hydralisk x4  
  143  13:32  Overlord x3  
  135  13:37  Overlord  
  133  13:53  Drone x5  
  133  13:54  Drone  
  139  14:12  Hatchery  
  135  14:29  Lurker x5  
  135  14:30  Lurker  
  141  14:33  Viper  
  144  14:42  Queen  
  144  14:44  Drone x4  
  144  14:45  Drone  
  151  14:51  Hydralisk  
  143  15:15  Hydralisk x3  
  143  15:20  Hydralisk  
  143  15:21  Hydralisk  
  127  15:38  Hydralisk x2  
  127  15:39  Hydralisk  
  127  15:40  Lurker  
  132  15:43  Hydralisk  
  132  15:44  Lurker  
  131  16:08  Lurker x5  
  126  16:11  Lurker  
  126  16:14  Drone x3  
  104  16:22  Hydralisk  
  105  16:45  Drone  
  105  16:46  Drone x2  
  108  17:14  Hydralisk x4  
  108  17:15  Hydralisk x2  
  120  17:42  Hydralisk x5  
  120  17:43  Hydralisk x6  
  135  17:50  Hydralisk  
  141  17:55  Queen  
  141  17:57  Drone  
  144  18:13  Hydralisk x3  
  144  18:14  Hydralisk  
  144  18:15  Hydralisk, Hatchery  
  138  19:02  Extractor  
  137  19:03  Extractor  
  137  19:07  Hydralisk x4  
  144  19:13  Overseer  
  144  19:15  Drone x3  
  144  19:16  Drone x6  
  153  19:17  Hatchery  
Tags
 
Add a new tag
Caveats
  • Supply blocks, unpowered buildings, or Contaminate may cause inaccurate times.
  • Supply counts are checked every 10 seconds.